 Dungeon Crawl Stone Soup version 0.30-a0-341-g6827065 (webtiles) character file.

Game seed: 2943356999264902794

44 Illumine the Chopper (level 3, -10/33 HPs)
             Began as a Hill Orc Monk on Nov 3, 2022.
             Killed by an exploding Pargi (35 damage)
             ... ignited by their inner flame
             ... in a sewer.
             The game lasted 00:02:13 (1044 turns).

Illumine the Chopper (Hill Orc Monk)                Turns: 1044, Time: 00:02:15

Health: -10/33     AC:  6    Str: 15    XL:     3   Next: 62%
Magic:  3/3        EV: 11    Int: 10    God:
Gold:   155        SH:  4    Dex: 13    Spells: 2/2 levels left

rFire   . . .      SeeInvis .    a - +0 hand axe
rCold   . . .      Faith    .    k - +0 buckler
rNeg    . . .      Spirit   .    h - +0 ring mail
rPois   +          Reflect  .    s - +0 helmet
rElec   .          Harm     .    (no cloak)
rCorr   +          Rampage  .    (no gloves)
Will    .....                    (no boots)
Stlth   +.........               (no amulet)
HPRegen 0.25/turn                r - ring "Ohuomam" {rPois rCorr}
MPRegen 0.08/turn                (no ring)

@: no status effects
A: no striking features
a: no special abilities


You were in a sewer.
You visited 1 branch of the dungeon, and saw 3 of its levels.
You also visited: Sewer.

You collected 155 gold pieces.

Inventory:

Hand Weapons
 a - a +0 hand axe (weapon)
Armour
 h - a +0 ring mail (worn)
 k - a +0 buckler (worn)
 s - a +0 helmet (worn)
Jewellery
 r - the ring "Ohuomam" (left hand) {rPois rCorr}
   (You found it on level 2 of the Dungeon)

   [ring of poison resistance]

   rPois:     It protects you from poison.
   rCorr:     It protects you from acid and corrosion.
Scrolls
 d - a scroll of teleportation
 i - a scroll of fog {unknown}
 l - a scroll of fear {unknown}
 m - a scroll of identify {unknown}
 n - a scroll of amnesia {unknown}
 o - a scroll of magic mapping {unknown}
 p - 2 scrolls of immolation
 q - a scroll of enchant armour {unknown}
Potions
 b - a potion of haste {unknown}
 c - a potion of ambrosia
 e - a potion of heal wounds {unknown}
 f - a potion of brilliance {unknown}
 g - a potion of invisibility {unknown}
 j - a potion of curing
 t - a potion of mutation {unknown}


   Skills:
 + Level 4.0 Fighting
 * Level 5.0 Axes
 + Level 2.7 Dodging
 - Level 1.5 Stealth
 + Level 1.1 Shields


You had 2 spell levels left.
You didn't know any spells.
Your spell library contained the following spells:

 Spells                   Type           Power      Damage    Failure   Level
 Freeze                   Ice            0%         1d3       71%         1
 Frozen Ramparts          Ice            0%         1d1       97%         3
 Hailstorm                Conj/Ice       0%         3d3       97%         3


Dungeon Overview and Level Annotations

Branches:
Dungeon (3/15)              Sewer (1/1)

Altars:


Message History

Unknown command.
As you read the scroll labelled DOXKAO XIROH, it crumbles to dust.
You feel strangely unstable.
It was a scroll of teleportation.
Pargi bites you but does no damage. Pargi barely misses you. Pargi misses you.
Pargi bites you. Pargi claws you but does no damage. Pargi closely misses you.
Pargi attacks as you move away! Pargi barely misses you. Pargi claws you.
Pargi claws you but does no damage. Pargi attacks as you move away!
Pargi bites you! Pargi claws you but does no damage. Pargi closely misses you.
Your surroundings seem slightly different.
Splash!
You fall into the shallow water.
Moving in this stuff is going to be slow.
As you read the scroll labelled TOUZEH NISKOMP, it crumbles to dust.
The creatures around you are filled with an inner flame!
It was a scroll of immolation.
You aren't carrying any items that you can evoke.
It was a potion of curing.
You feel better.
Okay, then.
Pargi bites you. Pargi barely misses you. You block Pargi's attack.
You barely miss Pargi. You block Pargi's attack.
Pargi claws you but does no damage. x2
You closely miss Pargi. Pargi completely misses you.
Pargi claws you but does no damage. You block Pargi's attack.
You hit Pargi.
Flame seeps out of Pargi.
Pargi is lightly wounded.
Pargi is engulfed in blazing flames.
Flame seeps out of Pargi.
You block Pargi's attack. Pargi claws you but does no damage. Pargi misses you.
You hit Pargi.
Flame seeps out of Pargi.
Pargi is heavily wounded.
Pargi is engulfed in blazing flames.
Flame seeps out of Pargi.
Pargi bites you but does no damage. Pargi claws you but does no damage.
Pargi barely misses you.
You barely miss Pargi.
Pargi is almost dead.
Pargi is engulfed in blazing flames.
Pargi explodes!
The fiery explosion engulfs you!!
Ouch! That really hurt!
You die...

####.~≈~.####
####.~≈~.####
#..'.~≈~.'†[#
####.~≈~.####
####.~≈~.####
#$.'.~≈~.'))#
####.§≈~.####
#°§≈~.####
+@~≈~.'†.#
##########
#~≈~# #~≈~#
#~≈~# #~≈~#
#~≈~# #~≈~#


There were no monsters in sight!

Vanquished Creatures
  Pargi (Sewer)
  A worm (D:2)
  A dart slug (D:1)
  4 orcs
  3 endoplasms
  6 giant cockroaches
  2 goblins
  A quokka (D:3)
  A ball python (D:2)
  3 bats (D:2)
  3 frilled lizards
  6 kobolds
  3 rats
35 creatures vanquished.

Notes
Turn   | Place    | Note
-------+----------+-------------------------------------------
     0 | D:1      | Illumine the Hill Orc Monk began the quest for the Orb.
     0 | D:1      | Reached XP level 1. HP: 19/19 MP: 1/1
   303 | D:1      | Reached XP level 2. HP: 25/27 MP: 2/2
   417 | D:2      | Found a faded altar of an unknown god.
   660 | D:2      | Reached XP level 3. HP: 30/33 MP: 3/3
   664 | D:2      | Identified the ring "Ohuomam" {rPois rCorr}
   869 | D:2      | Reached skill level 1 in Shields
   899 | D:3      | Found a glowing drain.
   928 | Sewer    | Entered a sewer
  1005 | Sewer    | Reached skill level 5 in Axes
  1029 | Sewer    | Noticed Pargi
  1044 | Sewer    | Killed Pargi
  1044 | Sewer    | Killed by an exploding Pargi... ignited by their inner
                  | flame

Illustrated notes

Levels and vault maps discovered:
D:1:      doesnt_arrival_eight_statues, layout_rooms
D:2:      layout_rooms, shapermc_ecumenical_altar_venn
D:3:      layout_basic, portal_sewer_entry_f, uniq_ijyb
Sewer:    kennysheep_door_sewer

Skill      XL: |  1  2  3 |
---------------+----------+-----
Fighting       | 4 |  4.0
Shields        | 1 |  1.1
Axes           | 5 |  5.0
Dodging        | |  2.7
Stealth        | |  1.5

Action                   || total
-------------------------++-------
Melee: Hand axe          ||   131
  Use: Scroll            ||     2
       Potion            ||     2
 Stab: Sleeping          ||     2
Armor: Robe              ||     2
       Ring mail         ||    52
Dodge: Dodged            ||    71
Block: Buckler           ||    20

Table legend: (Time is in decaauts)
 A = Elapsed time spent in this place.
 B = Non-inter-level travel time spent in this place.
 C = Inter-level travel time spent in this place.
 D = Time resting spent in this place.
 E = Time spent auto-exploring this place.
 F = Levels seen in this place.
 G = Mean time per level.
                   A        B        C        D        E       F      G
               +--------+--------+--------+--------+--------+-----+--------+
         Total |   1060 |   1030 |     30 |      0 |    691 |   4 |  265.0 |
       Dungeon |    943 |    913 |     30 |      0 |    618 |   3 |  314.3 |
         Sewer |    117 |    117 |      0 |      0 |     73 |   1 |  117.0 |
               +--------+--------+--------+--------+--------+-----+--------+

Top non-repeatable levels by time:
     D:2: 471 daAuts
     D:1: 381 daAuts
   Sewer: 117 daAuts
     D:3: 90 daAuts
